 Dungeon Crawl Stone Soup version 0.31.0-32-g396128a36d (webtiles) character file.

Game seed: 14176361626141374457

51 PriceMaster the Grave Robber (level 3, -2/24 HPs)
             Began as a Demonspawn Necromancer on Mar 6, 2024.
             Slain by a goblin
             ... wielding a +0 club
             ... led by Robin
              (4 damage)
             ... on level 2 of the Dungeon on Mar 12, 2024.
             The game lasted 00:02:38 (1203 turns).

PriceMaster the Grave Robber (DsNe)                 Turns: 1203, Time: 00:02:38

Health: -2/24      AC:  2    Str: 14    XL:     3   Next: 58%
Magic:  4/6        EV: 12    Int: 14    God:
Gold:   42         SH:  0    Dex: 18    Spells: 3/6 levels left

rFire   . . .        j - +0 short sword
rCold   . . .        (no shield)
rNeg    . . .        a - +0 robe
rPois   .            i - +0 hat
rElec   .            (no cloak)
rCorr   .            (no gloves)
SInv    .            (no boots)
Will    .....        (no amulet)
Stlth   ++           h - +6 ring of dexterity
HPRegen 0.24/turn    (no ring)
MPRegen 0.20/turn

%: no passive effects
@: weak-willed, jinxed
A: magic regeneration, strong-willed 1, sense surroundings 1, strong 1
a: no special abilities


You were on level 2 of the Dungeon.
You visited 1 branch of the dungeon, and saw 2 of its levels.

You collected 42 gold pieces.

Inventory:

Hand Weapons
 j - a +0 short sword (weapon)
Armour
 a - a +0 robe (worn)
 i - a +0 hat (worn)
Jewellery
 h - a +6 ring of dexterity (left hand)
Scrolls
 c - a scroll of enchant weapon {unknown}
 e - a scroll of teleportation {unknown}
 f - a scroll of immolation {unknown}
 l - a scroll of acquirement {unknown}
Potions
 b - 2 potions of magic
 g - a potion of ambrosia {unknown}
 k - a potion of curing


   Skills:
 + Level 0.1 Short Blades
 + Level 2.0 Dodging
 + Level 1.8 Stealth
 + Level 2.3 Spellcasting
 * Level 0.8 Hexes
 + Level 5.2 Necromancy


You had 3 spell levels left.
You knew the following spells:

 Your Spells              Type           Power      Damage    Failure   Level
a - Necrotise             Necr           64%        1d7       2%          1
b - Jinxbite              Hex            8%         N/A       24%         2

Your spell library contained the following spells:

 Spells                   Type           Power      Damage    Failure   Level
 Vampiric Draining        Necr           16%        2d7       8%          3
 Apportation              Tloc           2%         N/A       22%         1
 Sigil of Binding         Hex            4%         N/A       43%         3
 Call Canine Familiar     Summ           1%         N/A       56%         3
 Animate Dead             Necr           16%        N/A       26%         4
 Curse of Agony           Necr           16%        N/A       58%         5
 Dimensional Bullseye     Hex/Tloc       1%         N/A       88%         4
 Alistair's Intoxication  Alch           0%         N/A       99%         5


Dungeon Overview and Level Annotations

Branches:
Dungeon (2/15)

Altars:

Shops:
D:1 (

Annotations:
D:2 Robin


Innate Abilities, Weirdness & Mutations

You regenerate magic rapidly.
You are strong-willed. (Will+)
You passively map a small area around you.
Your muscles are strong. (Str +4, Int/Dex -1)


Message History

Your goblin skeleton barely misses the goblin.
You feel better. The goblin misses you.
The ribbon worm expels a string of sticky webbing.
The stream of webbing hits you but does no damage.
You are caught in a web!
Your goblin skeleton closely misses the goblin.
The web tears apart.
The goblin closely misses you. The goblin barely misses you.
The goblin hits you with a +0 dagger. The ribbon worm barely misses you.
Your goblin skeleton closely misses the goblin.
You hit the ribbon worm.
The ribbon worm is moderately wounded.
The goblin misses you. The goblin hits you but does no damage.
The goblin hits you with a +0 dagger. The goblin hits you but does no damage.
The goblin unwields a +0 club.
The goblin wields a +0 sling.
The goblin shoots a sling bullet.
The sling bullet hits you. The ribbon worm barely misses you.
The goblin no longer looks unusually strong.
The goblin attacks as it pursues you! The goblin closely misses you.
Robin roars a battlecry!
The goblin goes into a battle-frenzy!
You hit the goblin.
The goblin is severely wounded.
A giggling sprite leaps out and smacks the goblin with its own hand.
You kill the goblin!
The goblin no longer looks unusually strong.
The goblin misses you. The goblin closely misses you.
The goblin shoots a sling bullet.
The sling bullet hits you.
* * * LOW HITPOINT WARNING * * *
You hit the goblin.
The goblin is severely wounded.
The goblin no longer looks unusually strong.
The goblin hits you with a +0 dagger.
* * * LOW HITPOINT WARNING * * *
Robin roars a battlecry!
The goblins go into a battle-frenzy!
The goblin hits you with a +0 club.
* * * LOW HITPOINT WARNING * * *
The goblin hits you with a +0 club.
You die...

..# ###.#.# ..# (.#.#.#
*#.##.#.#.#** * *
*#.#.#...#* ,.. * ##.###
#..#..###gg.. * * .. ..
#..#).gg.g(_. *
....#.##.#Zw.# * 8 8, ,,
.....#.#..gggg# , . ,
..#.......#@.#..# ..
....##.#.##g#g##.# .# ~
.#..PP♣....#.####..
*...~♣~~P#........
##..~~~.#.##.#.# * ~
#>...♣~........# ##
#...#####.##...##### .#
#...##.............# *
.######(..##.##.#..#####.#
~ ~


You could see a ribbon worm (catching breath), Robin, a hobgoblin (strong), 6
goblins and a friendly goblin skeleton.

Vanquished Creatures
  An adder (D:2)
  A dart slug (D:2)
  4 goblins (D:2)
  2 hobgoblins (D:1)
  6 jackals (D:2)
  3 quokkas (D:1)
  A ball python (D:2)
  5 bats
  A frilled lizard (D:2)
  A kobold (D:2)
  2 rats
27 creatures vanquished.

Vanquished Creatures (collateral kills)
  An adder (D:2)
1 creature vanquished.

Grand Total: 28 creatures vanquished

Notes
Turn   | Place    | Note
-------+----------+-------------------------------------------
     0 | D:1      | PriceMaster the Demonspawn Necromancer began the quest for
                  | the Orb.
     0 | D:1      | Reached XP level 1. HP: 13/13 MP: 3/3
   225 | D:1      | Found Widuamed's Antique Weapon Shop.
   249 | D:1      | Gained mutation: You regenerate magic rapidly. [demonic
                  | ancestry]
   249 | D:1      | Reached XP level 2. HP: 15/19 MP: 1/5
   250 | D:1      | Upgraded the game from 0.31.0-12-g77e489cdc1 to
                  | 0.31.0-32-g396128a36d
   808 | D:2      | Reached skill level 5 in Necromancy
   854 | D:2      | Learned a level 2 spell: Jinxbite
   897 | D:2      | Reached XP level 3. HP: 14/24 MP: 2/6
  1187 | D:2      | Found a faded altar of an unknown god.
  1187 | D:2      | Noticed Robin
  1195 | D:2      | Gained mutation: Your muscles are strong. (Str +4, Int/Dex
                  | -1) [potion of mutation]
  1195 | D:2      | Gained mutation: You are strong-willed. (Will+) [potion of
                  | mutation]
  1195 | D:2      | Gained mutation: You passively map a small area around you.
                  | [potion of mutation]
  1203 | D:2      | Slain by a goblin

Illustrated notes

Levels and vault maps discovered:
D:1:      minmay_arrival_four_loops, layout_basic, serial_shops, shop
D:2:      layout_loops_cross, serial_bayou, serial_bayou_shore_b,
          serial_bayou_lake_a, serial_bayou_ford_a, serial_bayou_crossing,
          serial_bayou_pond_d, dreamdust_ecumenical_altar_statues,
          minmay_cut_off, uniq_robin

Skill      XL: |  1  2 |
---------------+-------+-----
Necromancy     | 5 |  5.2
Dodging        | 2 |  2.0
Short Blades   | |  0.1
Stealth        | |  1.8
Spellcasting   | |  2.3
Hexes          | |  0.8

Action                     || total
---------------------------++-------
  Melee: Unarmed           ||     2
         Short sword       ||    18
   Cast: Necrotise         ||    47
         Jinxbite          ||     2
    Use: Potion            ||     3
 Armour: Robe              ||    42
  Dodge: Dodged            ||    46
